 Dungeon Crawl Stone Soup version 0.25-a0-294-gea9b1ad378 (webtiles) character file.

Game seed: 10638731340507578729, levelgen mode: deterministic

112 Glalom the Chopper (level 5, 0/41 HPs)
             Began as a Formicid Fighter on Dec 18, 2019.
             Slain by an orc warrior
             ... wielding a +0 long sword
              (1 damage)
             ... on level 3 of the Dungeon.
             The game lasted 00:02:54 (1509 turns).

Glalom the Chopper (Formicid Fighter)               Turns: 1509, Time: 00:02:54

Health: 0/41       AC:  6    Str: 22    XL:     5   Next: 16%
Magic:  5/5        EV:  8    Int:  7    God:
Gold:   113        SH:  9    Dex: 10    Spells: 4/4 levels left

rFire    + . .     SeeInvis +   a - +0 war axe
rCold    . . .     Gourm    .   c - +0 shield
rNeg     + . .     Faith    .   b - +0 scale mail
rPois    .         Spirit   .   (helmet unavailable)
rElec    .         Reflect  .   (no cloak)
rCorr    .         Harm     .   (no gloves)
MR       .....                  (no boots)
Stlth    ..........             (no amulet)
HPRegen  0.13/turn              m - ring of positive energy
MPRegen  0.09/turn              s - ring of protection from fire

@: no status effects
A: permanent stasis, dig shafts and tunnels, four strong arms, antennae 3
a: Dig, Shaft Self


You were on level 3 of the Dungeon.
You were not hungry.

You visited 1 branch of the dungeon, and saw 3 of its levels.

You collected 113 gold pieces.

Inventory:

Hand Weapons
 a - a +0 war axe (weapon)
Armour
 b - a +0 scale mail (worn)
 c - a +0 shield (worn)
Jewellery
 m - a ring of positive energy (left hand)
 s - a ring of protection from fire (right hand)
Scrolls
 h - 6 scrolls of identify {unknown}
 i - a scroll of fear {unknown}
 j - a scroll of random uselessness {unknown}
 k - a scroll of blinking {unknown}
 l - a scroll of immolation {unknown}
 o - a scroll of teleportation {unknown}
Potions
 d - a potion of might
 e - 2 potions of agility {unknown}
 g - 2 potions of curing {unknown}
 n - a potion of invisibility {unknown}
 p - a potion of heal wounds {unknown}
 q - a potion of lignification {unknown}
Comestibles
 f - 4 rations


   Skills:
 - Level 3.2 Fighting
 * Level 4.9 Axes
 - Level 3.2 Armour
 - Level 3.6 Shields


You had 4 spell levels left.
You didn't know any spells.
Your spell library was empty.

Dungeon Overview and Level Annotations

Branches:
Dungeon (3/15)

Altars:
The Shining One


Innate Abilities, Weirdness & Mutations

You cannot be hasted, slowed, berserked, paralysed or teleported.
You can dig through walls and to a lower floor.
Your four strong arms can wield two-handed weapons with a shield.
You have a pair of large antennae on your head. (SInv)


Message History

The orc warrior is moderately wounded.
The orc warrior hits you with a +0 long sword.
The orc throws a silver boomerang.
The silver boomerang barely misses you.
The weapon returns to the orc!
You hit the orc warrior but do no damage.
The orc warrior is moderately wounded.
The orc warrior closely misses you.
The orc throws a silver boomerang.
The silver boomerang hits you but does no damage.
The weapon returns to the orc!
The orc throws a silver boomerang.
You block the silver boomerang.
The weapon returns to the orc!
You hit the orc warrior but do no damage.
The orc warrior is moderately wounded.
The orc warrior hits you with a +0 long sword!!
* * * LOW HITPOINT WARNING * * *
The orc throws a silver boomerang.
The silver boomerang hits you but does no damage.
* * * LOW HITPOINT WARNING * * *
The weapon returns to the orc!
The orc warrior hits you with a +0 long sword.
You die...

## .# #. .#
# #. .#
.##.##.
......
.####...##
......)..##
.....o)@..#
#.###.o##.#
#.# # #. #


You could see an orc warrior and an orc.

Vanquished Creatures
  An orc wizard (D:3)
  3 gnolls (D:2)
  An ooze (D:1)
  A leopard gecko (D:2)
  2 orcs (D:3)
  2 giant cockroaches (D:1)
  2 goblins (D:1)
  5 hobgoblins
  6 jackals
  8 kobolds
  A quokka (D:2)
  2 ball pythons (D:1)
  5 bats
  3 frilled lizards
  5 rats
47 creatures vanquished.

Notes
Turn   | Place    | Note
-------+----------+-------------------------------------------
     0 | D:1      | Glalom the Formicid Fighter began the quest for the Orb.
     0 | D:1      | Reached XP level 1. HP: 18/18 MP: 1/1
    99 | D:1      | Reached XP level 2. HP: 19/24 MP: 2/2
   226 | D:1      | Reached skill level 3 in Axes
   319 | D:1      | Reached XP level 3. HP: 28/29 MP: 3/3
   787 | D:2      | Reached skill level 4 in Axes
   787 | D:2      | Reached XP level 4. HP: 32/35 MP: 4/4
   963 | D:2      | Found a glowing golden altar of the Shining One.
  1501 | D:3      | Noticed an orc warrior
  1505 | D:3      | Reached XP level 5. HP: 26/41 MP: 5/5
  1509 | D:3      | HP: 2/41 [orc warrior/+0 long sword (19)]
  1509 | D:3      | Slain by an orc warrior

Levels and vault maps discovered:
D:1:      lightli_arrival_flooded_house, layout_loops_ring
D:2:      layout_loops_ring, tso_oasis_becter
D:3:      layout_loops_corners, marbit_many_paths

Skill      XL: |  1  2  3 |
---------------+----------+-----
Axes           | 3 4 |  4.9
Fighting       | |  3.2
Armour         | |  3.2
Shields        | |  3.6

Action                   |  1- 3 |  4- 6 || total
-------------------------+-------+-------++-------
Melee: War axe           |   103 |    51 ||   154
  Eat: Chunk             |       |     2 ||     2
Armor: Scale mail        |    63 |    23 ||    86
Dodge: Dodged            |    26 |    23 ||    49
Block: Shield            |    56 |    25 ||    81

Table legend:
 A = Non-vault XP
 B = Vault XP
 C = Vault XP percentage of total XP
 D = Non-vault monster count
 E = Vault monster count
 F = Vault count percentage of total count
                 A         B        C        D         E       F
            +---------+---------+-------+---------+---------+-------
      Total |     161 |       0 |   0.0 |      47 |       0 |   0.0
            +---------+---------+-------+---------+---------+-------
        D:1 |      41 |       0 |   0.0 |      23 |       0 |   0.0
        D:2 |      74 |       0 |   0.0 |      21 |       0 |   0.0
        D:3 |      46 |       0 |   0.0 |       3 |       0 |   0.0
            +---------+---------+-------+---------+---------+-------
